 Dungeon Crawl Stone Soup version 0.29.0-4-gdea44cf6ec (webtiles) character file.

Game seed: 8587543464992152525

132 qw the Chopper (level 5, 0/30 HPs)
             Began as a Tengu Warper on Aug 28, 2022.
             Killed by nerve-wracking pain
             ... invoked by Grinder
              (10 damage)
             ... on level 3 of the Dungeon.
             The game lasted 00:00:10 (2321 turns).

qw the Chopper (Tengu Warper)                       Turns: 2321, Time: 00:00:10

Health: 0/30       AC: 11    Str: 13    XL:     5   Next: 15%
Magic:  9/9        EV:  7    Int: 13    God:
Gold:   83         SH:  0    Dex: 14    Spells: 8/8 levels left

rFire   . . .      SeeInvis .   Y - +1 broad axe (pain)
rCold   . . .      Faith    .   (no shield)
rNeg    . . .      Spirit   .   h - +0 chain mail
rPois   .          Reflect  .   a - +2 hat
rElec   .          Harm     .   i - scarf {repulsion}
rCorr   .          Rampage  .   f - +0 pair of gloves
Will    .....                   (boots unavailable)
Stlth   ..........              (no amulet)
HPRegen 0.10/turn               (no ring)
MPRegen 0.11/turn               (no ring)

@: flying quickly and evasively, repel missiles, quick
A: beak, talons 3, nimble flight
a: no special abilities


You were on level 3 of the Dungeon.
You visited 1 branch of the dungeon, and saw 3 of its levels.

You collected 83 gold pieces.


Innate Abilities, Weirdness & Mutations

You have a beak for a mouth.
You have claws for feet.
Your magical nature lets you fly swiftly and evasively.


   Skills:
 - Level 2.0 Fighting
 - Level 5.7 Axes
 - Level 1.0 Throwing
 + Level 1.1 Armour
 - Level 2.1 Dodging
 - Level 2.0 Spellcasting
 - Level 2.4 Translocations


You had 8 spell levels left.
You didn't know any spells.
Your spell library contained the following spells:

 Spells                   Type           Power      Damage    Failure   Level
 Blink                    Tloc           14%        N/A       99%         2
 Gell's Gravitas          Tloc           7%         N/A       100%        3
 Lesser Beckoning         Tloc           7%         N/A       100%        3
 Teleport Other           Tloc           7%         N/A       100%        3
 Manifold Assault         Tloc           7%         N/A       100%        5

Inventory:

Hand Weapons
 c - a +0 flail
 Y - a +1 broad axe of pain (weapon)
Armour
 a - a +2 hat (worn)
 f - a +0 pair of gloves (worn)
 h - a +0 chain mail (worn)
 i - a scarf of repulsion (worn)
Jewellery
 b - a +4 ring of protection
 d - a +6 ring of strength
Scrolls
 j - a scroll of identify
Potions
 m - a potion of degeneration {unknown}
 o - a potion of curing {unknown}
 q - a potion of invisibility {unknown}

Dungeon Overview and Level Annotations

Branches:
Dungeon (3/15)

Altars:
Sif Muna

Annotations:
D:3 Grinder


Message History

Your magical nature develops, letting you fly swiftly and evasively.
You start resting.
HP restored.
You see here a +0 great mace.
There is a stone staircase leading up here.
Found a stone staircase leading down.
b - a +4 ring of protection You now have 83 gold pieces (gained 13).
A bat comes into view.
The bat barely misses you.
Enter note:
Enter note: You slash the bat!
You kill the bat!
Found 3 stones.
You see here a bat corpse.
You see here 3 stones.
Found a stone staircase leading down.
There is a stone staircase leading down here.
There is a stone staircase leading down here.
Grinder comes into view.
Grinder shouts!
You hit Grinder. Your peck misses Grinder.
Grinder is lightly wounded.
Grinder says, "I used to sell toenails on the black market."
Grinder hits you.
You slash Grinder! You claw Grinder. Your peck misses Grinder.
Grinder is heavily wounded.
Grinder misses you. Grinder hits you!
You writhe in agony.
You slash Grinder! Your peck misses Grinder.
Grinder is severely wounded.
Grinder hits you.
You barely miss Grinder. You claw Grinder. Your peck misses Grinder.
Grinder is almost dead.
Grinder barely misses you.
You hit Grinder but do no damage. Your peck misses Grinder.
Grinder is almost dead.
Grinder gestures at you. Pain shoots through your body!
You die...

#..(...##......
###.#####.....#
####...## #######
#.......#
#.##.##.####### ##
#.##.##.#.....# #.
#.##........#.# #.
#5#####.#.#.#.###.
#@#####.#.#.>.....
#.......#.###.####
#########.....#
#######


You could see Grinder.

Vanquished Creatures
  A phantom (D:3)
  3 adders
  2 dart slugs (D:1)
  3 orcs (D:3)
  2 ball pythons
  3 endoplasms
  A goblin (D:1)
  3 hobgoblins
  2 quokkas (D:1)
  2 bats
  A frilled lizard (D:2)
  4 rats (D:1)
27 creatures vanquished.

Notes
Turn   | Place    | Note
-------+----------+-------------------------------------------
     0 | D:1      | qw the Tengu Warper began the quest for the Orb.
     0 | D:1      | Reached XP level 1. HP: 12/12 MP: 4/4
     0 | D:1      | 0 ||| qw: Version: 0.1-a-89-g26bdef1
     0 | D:1      | 0 ||| qw: Game counter: 2445
     0 | D:1      | 0 ||| qw: Always use a shield: true
     0 | D:1      | 0 ||| qw: God list: Okawaru
     0 | D:1      | 0 ||| qw: Allow faded altars: false
     0 | D:1      | 0 ||| qw: Do Orc after D:15 true
     0 | D:1      | 0 ||| qw: Do second Lair branch before Depths: true
     0 | D:1      | 0 ||| qw: Lair rune preference: random
     0 | D:1      | 0 ||| qw: Plans: Normal
     0 | D:1      | 0 ||| PLANNING D:1-11
    38 | D:1      | 38 ||| Stepping ~*~*~tactically~*~*~ (hiding).
   140 | D:1      | 140 ||| Stepping ~*~*~tactically~*~*~ (hiding).
   451 | D:1      | Reached XP level 2. HP: 17/17 MP: 6/6
   475 | D:1      | Reached skill level 3 in Axes
   643 | D:1      | 643 ||| Stepping ~*~*~tactically~*~*~ (hiding).
   645 | D:1      | 645 ||| Stepping ~*~*~tactically~*~*~ (hiding).
  1129 | D:1      | 1129 ||| UPGRADING to +0 chain mail.
  1139 | D:1      | 1139 ||| DROPPING +0 leather armour.
  1140 | D:1      | 1140 ||| UPGRADING to scarf of repulsion.
  1145 | D:1      | 1145 ||| READING scroll labelled XAK XAIHEKHIEVEGO.
  1146 | D:1      | 1146 ||| READING scroll labelled RONLEL BANOSUZ.
  1147 | D:1      | 1147 ||| READING scroll labelled IXTECH LEHO.
  1148 | D:1      | 1148 ||| READING scroll labelled DEDOPS GIRIOM.
  1149 | D:1      | 1149 ||| READING 2 scrolls labelled RAMEDO UXZA.
  1150 | D:1      | 1150 ||| READING scroll labelled XEDUOH XENTOI.
  1150 | D:1      | Identified a scroll of acquirement
  1150 | D:1      | 1150 ||| ACQUIRING +2 hat
  1150 | D:1      | Acquired a +2 hat
  1152 | D:1      | 1152 ||| UPGRADING to +2 hat.
  1157 | D:1      | 1157 ||| READING scroll labelled QIDUSO HURGHI.
  1161 | D:1      | 1161 ||| READING scroll labelled NOS VILIUGO.
  1162 | D:1      | 1162 ||| DROPPING scroll of blinking.
  1202 | D:2      | Reached XP level 3. HP: 16/21 MP: 7/7
  1456 | D:2      | 1456 ||| DROPPING +0 club.
  1512 | D:2      | Found a shimmering blue altar of Sif Muna.
  1638 | D:2      | 1638 ||| SWAPPING to +0 broad axe of pain.
  1639 | D:2      | 1639 ||| DROPPING +0 hand axe.
  1689 | D:2      | Reached skill level 4 in Axes
  1979 | D:2      | 1979 ||| UPGRADING to +0 pair of gloves.
  1984 | D:2      | 1984 ||| READING scroll labelled ZUDDAPLEUQE.
  1985 | D:2      | 1985 ||| READING scroll labelled VAGOT NIOP.
  1986 | D:2      | 1986 ||| READING 2 scrolls of identify.
  1986 | D:2      | 1986 ||| IDENTIFYING lumpy coppery potion
  1987 | D:2      | 1987 ||| DROPPING potion of lignification.
  2006 | D:3      | Found a faded altar of an unknown god.
  2013 | D:3      | 2013 ||| Stepping ~*~*~tactically~*~*~ (hiding).
  2015 | D:3      | 2015 ||| Stepping ~*~*~tactically~*~*~ (hiding).
  2026 | D:3      | Reached XP level 4. HP: 21/26 MP: 8/8
  2117 | D:3      | 2117 ||| DROPPING +0 mace.
  2167 | D:3      | Noticed a phantom
  2180 | D:3      | Killed a phantom
  2181 | D:3      | Reached skill level 5 in Axes
  2181 | D:3      | Gained mutation: Your magical nature lets you fly swiftly
                  | and evasively. [Tengu growth]
  2181 | D:3      | Reached XP level 5. HP: 27/30 MP: 9/9
  2315 | D:3      | Noticed Grinder
  2321 | D:3      | Killed from afar by Grinder

Levels and vault maps discovered:
D:1:      lemuel_arrival_muddy, layout_basic, st_stairs_13
D:2:      layout_loops_cross, basic_altar, minmay_hexomino_p4
D:3:      layout_loops_cross, hellmonk_ecumenical_altar_blasted, uniq_grinder

Skill      XL: |  1  2  3  4 |
---------------+-------------+-----
Axes           | 3 4 5 |  5.7
Fighting       | |  2.0
Throwing       | |  1.0
Armour         | |  1.1
Dodging        | |  2.1
Spellcasting   | |  2.0
Translocations | |  2.4

Action                   |  1- 3 |  4- 6 || total
-------------------------+-------+-------++-------
Melee: Hand axe          |    31 |       ||    31
       Peck              |     8 |       ||     8
       Kick              |    12 |     4 ||    16
       Broad axe         |    25 |    16 ||    41
Throw: Boomerang         |     7 |       ||     7
  Use: Scroll            |    11 |       ||    11
Armor: Chain mail        |    22 |     5 ||    27
Dodge: Dodged            |    17 |     8 ||    25

Table legend:
 A = Non-vault XP
 B = Vault XP
 C = Vault XP percentage of total XP
 D = Non-vault monster count
 E = Vault monster count
 F = Vault count percentage of total count
                 A         B        C        D         E       F
            +---------+---------+-------+---------+---------+-------
      Total |     183 |       6 |   3.2 |      25 |       2 |   7.4
            +---------+---------+-------+---------+---------+-------
        D:1 |      21 |       4 |  16.0 |      12 |       1 |   7.7
        D:2 |      33 |       2 |   5.7 |       6 |       1 |  14.3
        D:3 |     129 |       0 |   0.0 |       7 |       0 |   0.0
            +---------+---------+-------+---------+---------+-------
